Cogmind - Beta 10.2 @@@ ROGUE MODE // 2021.09.03 @ 22:50:17 Player: Dangertech Result: Destroyed by exploding Compression Vault Performance ------------- Evolutions (1) 500 Regions Visited (3) 600 Robots Destroyed (48) 240 Value Destroyed (1276) 1276 Prototype IDs (1) 20 Alien Tech Used (0) 0 Bonus (0) 0 TOTAL SCORE: 2636 Bonus ------- None Cogmind --------- Core Integrity 0/400 Matter 300/300 Energy 276/280 System Corruption 0% Temperature Cool (2) Movement Walking (180) Ox2 Location -9/Storage Parts ------- > --- POWER (1) -------- Heavy Ion Engine > --- PROPULSION (2) --- Aluminum Leg Aluminum Leg > --- UTILITY (3) ------ Large Storage Unit Large Storage Unit Terrain Scanner > --- WEAPON (3) ------- Mini Grenade Launcher > --- INVENTORY (16) --- Ion Engine Light Ion Engine Aluminum Leg Aluminum Leg Medium Storage Unit Large Storage Unit Medium Matter Pod (100) Structural Scanner Signal Interpreter Terrain Scan Processor Armor Integrity Analyzer Field Recycling Unit (0) EM Shotgun Light EM Pulse Cannon Light Assault Rifle Peak State ------------ > --- POWER ------------ Heavy Ion Engine > --- PROPULSION ------- Aluminum Leg Aluminum Leg > --- UTILITY ---------- Large Storage Unit Large Storage Unit Terrain Scanner > --- WEAPON ----------- Beam Rifle Heavy Assault Rifle Mini Grenade Launcher > --- INVENTORY -------- Ion Engine Light Ion Engine Aluminum Leg Aluminum Leg Medium Storage Unit Large Storage Unit Medium Matter Pod Structural Scanner Signal Interpreter Terrain Scan Processor Armor Integrity Analyzer Field Recycling Unit EM Shotgun Light EM Pulse Cannon Light Assault Rifle [Rating: 16] Favorites ----------- Power Ion Engine Engine Ion Engine Propulsion Aluminum Leg Leg Aluminum Leg Wheel Wheel Flight Unit Flight Unit Utility Large Storage Unit Device Structural Scanner Storage Large Storage Unit Weapon Mini Grenade Launcher Energy Gun Heavy EM Pulse Gun Energy Cannon Beam Cannon Ballistic Gun Heavy Assault Rifle Ballistic Cannon Light Cannon Launcher Mini Grenade Launcher Special Weapon Mining Laser Impact Weapon Maul Build | -11 -10 -9 -9 ------- Run | Scr Mat Mat Sto Slots Evolved 2 | . . 2 . Power . | . . . . Propulsion . | . . . . Utility 1 | . . 1 . Weapon 1 | . . 1 . Parts Attached 54 | 6 18 22 8 Power 5 | 1 2 1 1 Engine 5 | 1 2 1 1 Core . | . . . . Reactor . | . . . . Propulsion 13 | 2 2 7 2 Treads . | . . . . Leg 8 | 2 2 2 2 Wheel 3 | . . 3 . Hover . | . . . . Flight 2 | . . 2 . Utility 9 | 2 2 3 2 Device 4 | . . 2 2 Storage 5 | 2 2 1 . Processor . | . . . . Hackware . | . . . . Protection . | . . . . Artifact . | . . . . Weapon 27 | 1 12 11 3 Energy Gun 7 | 1 1 3 2 Energy Cannon 1 | . 1 . . Ballistic Gun 6 | . 4 2 . Ballistic Cannon 3 | . . 3 . Launcher 5 | . 4 . 1 Special Weapon 2 | . 2 . . Impact Weapon 3 | . . 3 . Slashing Weapon . | . . . . Piercing Weapon . | . . . . Special Melee Weapon . | . . . . Unidentified Prototypes . | . . . . Parts Lost 21 | . 6 10 5 Power 3 | . 1 1 1 Propulsion 6 | . 2 3 1 Utility 1 | . . 1 . Weapon 11 | . 3 5 3 Highest Loss Streak 6 | . 5 6 3 Average Slot Usage (%) 94 | . 98 91 93 Engine 10 | . 13 9 5 Leg 14 | . 27 6 11 Wheel 8 | . . 13 10 Device 4 | . . 6 11 Storage 25 | . 27 24 22 Energy Gun 5 | . 2 6 11 Ballistic Gun 7 | . 6 7 11 Ballistic Cannon 1 | . . 3 . Launcher 8 | . 15 5 6 Impact Weapon 5 | . . 9 4 Naked Turns . | . . . . Heaviest Build 54 | 12 39 47 54 Greatest Support 20 | 20 20 20 20 Greatest Overweight (x) 13 | 2 1 13 4 Average Overweight (x) 1 | . . 2 1 Largest Inventory Capacity 16 | 8 16 16 16 Average Capacity 13 | 6 8 16 16 Most Carried 16 | 4 8 16 16 Average Carried 11 | 1 7 12 15 Final Capacity 16 | 8 16 16 16 Final Carried 16 | 4 8 16 15 Class Distribution -------------------- 52% | Mutant 36% | Scavenger-Mutant 8% | Scavenger-Skirmisher Dominant Class ---------------- Mutant | -10/Materials Scavenger-Mutant | -9/Materials Scavenger-Skirmisher | -9/Storage Resources | -11 -10 -9 -9 ----------- Run | Scr Mat Mat Sto Matter Collected 1334 | 260 131 499 444 Remotely . | . . . . Salvage Created 1351 | 78 351 436 486 Parts 95 | 2 35 33 25 Haulers Intercepted . | . . . . Recyclers Shooed 4 | . 1 1 2 Parts Field Recycled 3 | . . . 3 Retrieved Matter 7 | . . . 7 Parts Self-Destructed . | . . . . Prevented . | . . . . Kills | -11 -10 -9 -9 ------- Run | Scr Mat Mat Sto Combat Hostiles Destroyed 35 | . 11 13 11 Melee 3 | . . 3 . Guns 12 | . 4 3 5 Cannons 5 | . . 5 . AOE 15 | . 7 2 6 Classes Destroyed 7 | 1 5 1 . Worker 5 | . 3 1 1 Builder 2 | . 1 . 1 Recycler 3 | 1 1 . 1 Watcher 3 | . 2 1 . Swarmer 7 | . 3 4 . Grunt 21 | . 8 6 7 Sentry 7 | . . 3 4 Best Kill Streak 6 | 1 4 2 6 Combat Bots Only 5 | . 3 2 5 Max Kills in Single Turn 3 | 1 2 2 3 Gunslinging . | . . . . Exploded 2 | . 2 2 2 Melee 1 | . . 1 . Uniques/NPCs Destroyed . | . . . . Combat | -11 -10 -9 -9 -------- Run | Scr Mat Mat Sto Damage Taken 2577 | . 898 1316 363 Core 597 | . 179 358 60 Absorbed by Shields . | . . . . Core Remaining (%) 64 | 100 28 . . Volleys Fired 93 | 4 40 32 17 Largest 3 | 1 2 3 3 Hottest 160 | 40 160 111 109 Shots Fired 189 | 4 73 64 48 Gun 106 | 4 48 20 34 Cannon 43 | . 1 42 . Launcher 33 | . 17 2 14 Special 7 | . 7 . . Kinetic 104 | . 35 52 17 Thermal 45 | 4 21 9 11 Explosive 33 | . 17 2 14 Electromagnetic 7 | . . 1 6 Robot Hit Streak 10 | 3 10 7 9 Robot Miss Streak 3 | 1 2 3 2 Penetration Max . | . . . . Secondary Targets . | . . . . Shots Hit Robots 114 | 3 41 42 28 Core Hits 83 | 2 31 20 30 Critical Hits . | . . . . Critical Kills . | . . . . Critical Parts Destroyed . | . . . . Melee Attacks 9 | . . 9 . Impact 9 | . . 9 . Slashing . | . . . . Piercing . | . . . . Sneak Attacks 1 | . . 1 . Combat Hostiles . | . . . . Follow-up Attacks . | . . . . Damage Inflicted 3560 | 45 1382 827 1306 Guns 918 | 45 261 190 422 Cannons 332 | . . 332 . Explosions 2086 | . 1121 81 884 Melee 224 | . . 224 . Ramming . | . . . . Kinetic 764 | . 160 406 198 Thermal 391 | 45 101 101 144 Explosive 2086 | . 1121 81 884 Electromagnetic 95 | . . 15 80 Impact 224 | . . 224 . Slashing . | . . . . Piercing . | . . . . Highest Corruption . | . . . . Average Corruption . | . . . . Corruption Purged . | . . . . Overload Shots . | . . . . Overflow Damage 66 | . 31 23 12 Projectiles 13 | . . 13 . Explosions 43 | . 31 . 12 Melee 10 | . . 10 . Knockbacks . | . . . . Impact . | . . . . Kinetic . | . . . . Secondary . | . . . . Self-Inflicted Damage 132 | . 132 . . Shots 6 | . 6 . . Rammed . | . . . . Targets Rammed . | . . . . Kicked . | . . . . Crushed . | . . . . Highest Temperature 195 | . 150 195 63 Average Temperature 38 | . 36 62 23 Received Heat Transfer 771 | . 381 258 132 Siege Activations . | . . . . Robots Corrupted . | . . . . Combat Hostiles . | . . . . Parts Fried . | . . . . Impact Corruptions 1 | . . 1 . Robots Melted . | . . . . Combat Hostiles . | . . . . Parts Melted . | . . . . Heat Transferred 1025 | 100 296 259 370 Parts Sabotaged . | . . . . Parts Stolen . | . . . . Parts Stripped . | . . . . Power Chain Reactions . | . . . . Missiles Intercepted . | . . . . Alert | -11 -10 -9 -9 ------- Run | Scr Mat Mat Sto Peak Influence 257 | 5 138 190 257 Initial 34 | . 3 34 22 Average 55 | 3 52 52 80 Maximum Alert Level 1 | . . . 1 Low Security (%) 98 | 100 100 100 88 Level 1 1 | . . . 11 Level 2 . | . . . . Level 3 . | . . . . Level 4 . | . . . . Level 5 . | . . . . High Security . | . . . . Max Security . | . . . . Squads Dispatched 9 | . 4 3 2 Investigation 3 | . 2 1 . Extermination . | . . . . Reinforcement 6 | . 2 2 2 Assault . | . . . . Garrison . | . . . . Intercept . | . . . . Construction Impeded . | . . . . Haulers Reinforced . | . . . . Stealth | -11 -10 -9 -9 --------- Run | Scr Mat Mat Sto Distress Signals 4 | . 3 1 . Communications Jammed . | . . . . Distress Signals . | . . . . Times Spotted 75 | . 30 27 18 Peak Tracking Total 6 | . 5 6 5 Tactical Retreats 10 | . 3 4 3 Traps | -11 -10 -9 -9 ------- Run | Scr Mat Mat Sto Traps Triggered 3 | . 2 . 1 Indirectly . | . . . . Trap Hack Attempts . | . . . . Triggered . | . . . . Disarmed . | . . . . Reprogrammed . | . . . . Reused . | . . . . Traps Extracted . | . . . . Installed . | . . . . Triggered 4 | . . 4 . Machines | -11 -10 -9 -9 ---------- Run | Scr Mat Mat Sto Machines Disabled 7 | . 1 2 4 Max in Single Turn 1 | . 1 1 1 Machines Sabotaged . | . . . . Garrisons Compromised . | . . . . Overloaded Fab Kills . | . . . . Fab Network Shutdowns . | . . . . Hacking | -11 -10 -9 -9 --------- Run | Scr Mat Mat Sto Machines Accessed 7 | . 5 2 . Terminals 4 | . 3 1 . Fabricators . | . . . . Repair Stations 1 | . 1 . . Recycling Units 1 | . 1 . . Scanalyzers 1 | . . 1 . Garrison Access . | . . . . Total Hacks 14 | . 8 6 . Successful 10 | . 5 5 . Failed 4 | . 3 1 . Catastrophic . | . . . . Database Lockouts . | . . . . Manual 2 | . 2 . . Terminals 9 | . 5 4 . Fabricators . | . . . . Repair Stations 1 | . 1 . . Recycling Units 2 | . 2 . . Scanalyzers 2 | . . 2 . Garrison Access . | . . . . Terminal Hacks 5 | . 2 3 . Record 1 | . . 1 . Alert Level 1 | . 1 . . Unreport Threat 1 | . . 1 . Recall Investigation 1 | . . 1 . Zone Layout 1 | . 1 . . Fabricator Hacks . | . . . . Repair Station Hacks 1 | . 1 . . Scan Component 1 | . 1 . . Recycling Unit Hacks 2 | . 2 . . Retrieve Matter 1 | . 1 . . Retrieve Components 1 | . 1 . . Scanalyzer 2 | . . 2 . Insert Component 1 | . . 1 . Analyze 1 | . . 1 . Garrison Access Hacks . | . . . . Unauthorized Hacks . | . . . . Terminals . | . . . . Fabricators . | . . . . Repair Stations . | . . . . Recycling Units . | . . . . Scanalyzers . | . . . . Garrison Access . | . . . . Data Cores Recovered . | . . . . Used . | . . . . Hacking Detections 7 | . 5 2 . Full Trace Events . | . . . . Feedback Events . | . . . . Feedback Blocked . | . . . . Robot Schematics Acquired . | . . . . Robots Built . | . . . . Matter . | . . . . Time . | . . . . Total Robot Build Rating . | . . . . Part Schematics Acquired 1 | . . 1 . Parts Built . | . . . . Matter . | . . . . Time . | . . . . Total Part Build Rating . | . . . . Parts Repaired . | . . . . Time . | . . . . Parts Recycled . | . . . . Recycled Matter . | . . . . Retrieved Matter . | . . . . Retrieved Components . | . . . . Parts Scanalyzed 1 | . . 1 . Part Schematics Acquired 1 | . . 1 . Parts Damaged . | . . . . Bothacking | -11 -10 -9 -9 ------------ Run | Scr Mat Mat Sto Used RIF Installer . | . . . . Robots Hacked . | . . . . Non-combat . | . . . . Combat . | . . . . Robot Hacks Applied . | . . . . Relay Couplers Released . | . . . . Robots Rewired . | . . . . Allies Hacked . | . . . . Hacks Repelled . | . . . . Allies | -11 -10 -9 -9 -------- Run | Scr Mat Mat Sto Total Allies . | . . . . Largest Group . | . . . . Highest-Rated Group . | . . . . Highest-Rated Ally . | . . . . Total Orders . | . . . . Ally Attacks . | . . . . Total Damage . | . . . . Kills . | . . . . Allies Corrupted . | . . . . Allies Melted . | . . . . Intel | -11 -10 -9 -9 ------- Run | Scr Mat Mat Sto Robot Analysis Total . | . . . . Derelict Logs Recovered . | . . . . Drone Launches . | . . . . Drone Recoveries . | . . . . Exploration | -11 -10 -9 -9 ------------- Run | Scr Mat Mat Sto Turns Passed 4376 | 106 1493 2094 683 Spaces Moved 2177 | 72 823 929 353 Core 16 | 8 . 8 . Treads . | . . . . Legs 1219 | 64 823 163 169 Wheels 933 | . . 749 184 Hover . | . . . . Flight 9 | . . 9 . Fastest Speed 50 | 50 120 100 100 Average Speed 122 | 117 120 123 125 Slowest Speed 760 | 150 150 760 180 Overloaded Moves . | . . . . Propulsion Burnouts . | . . . . Robots Hopped . | . . . . Cave-ins Triggered . | . . . . Exploration Rate (%) 38 | 5 82 34 34 Regions Visited 3 Branch Regions 1 Pre-discovered Areas . | . . . . Known Exits Taken . | . . . . Unknown Exits Taken 3 | 1 1 1 . Scrap Searched . | . . . . Spaces Dug 7 | . 7 . . Terrain Destroyed 314 | . 143 26 145 Melee . | . . . . Projectile 7 | . 7 . . AOE 307 | . 136 26 145 Terrain Rammed . | . . . . Walls Destroyed . | . . . . Machines Disabled . | . . . . Actions | -11 -10 -9 -9 --------- Run | Scr Mat Mat Sto Total 3688 | 87 1242 1801 558 Wait 1279 | . 334 780 165 Move 2174 | 71 822 928 353 Hop . | . . . . Pick Up 57 | 6 19 24 8 Fast Attach 10 | 4 3 2 1 Attach 26 | 2 8 11 5 Detach . | . . . . Swap 18 | . 7 9 2 Drop 22 | . 9 6 7 Fire 93 | 4 40 32 17 Melee 9 | . . 9 . Ram . | . . . . Kick . | . . . . Crush . | . . . . Escape Stasis . | . . . . Rewire . | . . . . Trap . | . . . . Miscellaneous . | . . . . Route ------- -11/Scrapyard -10/Materials (discovered 3 exits: *Mat x2 / [*Min]) -9/Materials (discovered 2 exits: [*Mat] / [*Sto]) -9/Storage History --------- Turn | Location | Event 18 | -11/Scrapyard | Discovered new exit (range 14) 107 | -11/Scrapyard | Entered Materials 300 | -10/Materials | Build established: Mutant 387 | -10/Materials | Discovered new exit (range 15) 547 | -10/Materials | Discovered new exit (range 13) 1039 | -10/Materials | Core integrity fell below 50% 1068 | -10/Materials | Lost 5 parts (1p1n3w) 1558 | -10/Materials | Discovered new exit (range 9) 1600 | -10/Materials | Entered another Materials area 1600 | -9/Materials | Evolved 2 slots: Utility x1, Weapon x1 2093 | -9/Materials | Discovered new exit (range 16) 2161 | -9/Materials | Lost 6 parts (1p2n1u2w) 2269 | -9/Materials | Core integrity fell below 50% 2314 | -9/Materials | Lost 3 parts (1n2w) 2759 | -9/Materials | Discovered new exit (range 4) 2983 | -9/Materials | Build established: Scavenger-Mutant 3613 | -9/Materials | Core integrity fell below 20% 3694 | -9/Materials | Entered Storage 4034 | -9/Storage | Lost 3 parts (1p1n1w) 4289 | -9/Storage | Build established: Scavenger-Skirmisher 4377 | -9/Storage | Destroyed by exploding Compression Vault Last Messages --------------- 04352_ U-05 Engineer builds a Wall. 04353_ U-05 Engineer lays Concrete. 04354_ Acquired 49 matter. 04355_ U-05 Engineer lays Concrete. 04364_ U-05 Engineer builds a Wall. 04364_ U-05 Engineer lays Concrete. 04367_ K-01 Serf cleans the Repair Station. 04368_ U-05 Engineer lays Concrete. 04369_ The unstable cave ceiling collapses. 04369_ U-05 Engineer builds a Wall. 04370_ U-05 Engineer lays Concrete. 04371_ K-01 Serf cleans the Repair Station. 04373_ U-05 Engineer lays Concrete. 04374_ K-01 Serf cleans the Repair Station. 04375_ U-05 Engineer lays Concrete. 04377_ Triggered Explosive Trap. 04377_ An explosion rips through the floor. 04377_ Beam Rifle destroyed. 04377_ Hvy. Assault Rifle destroyed. 04377_ Compression Vault explodes. Map ----- +----------------------------------------------------+ | ????????####= =# ######???????#?#???? | | ????????# *% !#% #??#??????#????#???? | | ????????# #[ / #??##???????##?????? | | ????????# # [ # ###????##????????????? | | ????????# # #????#????#??????????? | | ????????## ######## #???????##???????????? | | ?????????#####??#????# #??#?????????????????? | | ?????????????????????# ##???????????????????? | | ???????????????????### #???#???????????????? | | ????????????????#??# # ##????#?????????????? | | ??????????????#???## # #?????#????????????? | | ???????????????????# #u* #???????#??????????? | | ???????????#???##??# # u! #??????????????????? | | ????????????????#??## u ###????#????#???????? | | ???????????????????# #?????????????????? | | ???????????????????## # #####?####????????? | | ?????????????? ??#?# ## g #????????? | | ???????????????????## # #????????? | | ???????????????????# ^ o #????????? | | ???????????????????## # #????????? | | ????????????????????# r #??? #????????? | | ????????????????????## m g /#?????????????? | | ????????????????????## b #?????????????? | | ????????????????????#" #?????????????? | | ????????????????????#T #?????????????? | | ????????????????????#" @ #?????????????? | | ????????????????????## [= #?????????????? | | ?????????????????????# ] """????#??????? | | ?????????????????????# k R"???#???????? | | ?????????????????????# """#??????????? | | ?????????????????????# ####??????????? | | ?????????????????????a #?????????????? | | ???????????????????? #?????????????? | | ??????????????????? #?????????????? | | ???????????????????#######+######?????????????? | | ??????????????????????????????????????????????? | | ??????????????????????????????????????????????? | | ??????????????????????????????????????????????? | | ??????????????????????????????????????????????? | | ??????????????????????????????????????????????? | | ??????????????????????????????????????????????? | | ??????????????????????????????????????????????? | | ??????????????????????????????????????????????? | | ??????????????????????????????????????????????? | | ??????????????????????????????????????????????? | | ??????????????????????????????????????????????? | | ??????????????????????????????????????????????? | | ??????????????????????????????????????????????? | | ??????????????????????????????????????????????? | | | +----------------------------------------------------+ Best States ------------- Heat Dissipation 28 Energy Generation 14 Energy Capacity 280 Matter Stores 300 Matter Capacity 400 Sight Range 16 Robot Scan Range 10 Terrain Scan Range 14 Terrain Scan Density 10 Evasion (%) 40 Item Schematics ----------------- Hvy. Ion Engine | -9/Materials | Scanalyzed Robot Schematics ------------------ None Fabricated ------------ Nothing Alien Tech Used ----------------- None Achievements -------------- None Challenges ------------ None Game ------ Seed SegregatorReactiveSheargun Manual? 0 Play Time 01:21:48 Cumulative 14.4 hours Start 2021.08.27 @ 01:21:32 End 2021.09.03 @ 22:50:17 Sessions 2 Manual Loads 0 Difficulty Rogue Special Mode None Game No. 14 Rogue 6 Adventurer 5 Explorer 3 Win Type - Total 0 Types 0/0/0/0/0/0/0/0/0 Lore% 13 Gallery% 13 Achievement% 14 Wizard Run 0 Options --------- ASCII 1 Keyboard 0 Movement Mouse Keybinds 0 Fullscreen 2 Font 18/SmallcapsGlow Map View 76x50 Tactical HUD 1 Map Filters NONE Filters NONE Steam 1 RUN: 3040470f-e238-4cec-a644-2630d9c39833